 Dungeon Crawl Stone Soup version 0.30-a0-800-g7c544603b3 (webtiles) character file.

Game seed: 18001663698012556400

2 Juicyj the Grave Robber (level 1, 13/13 HPs)
             Began as a Human Necromancer on Feb 21, 2023.
             Quit the game on level 1 of the Dungeon.
             The game lasted 00:00:22 (70 turns).

Juicyj the Grave Robber (Human Necromancer)           Turns: 70, Time: 00:00:23

Health: 13/13      AC:  2    Str:  8    XL:     1   Next: 33%
Magic:  0/3        EV: 12    Int: 15    God:
Gold:   0          SH:  0    Dex: 13    Spells: 3/4 levels left

rFire   . . .      SeeInvis .    (no weapon)
rCold   . . .      Faith    .    (no shield)
rNeg    . . .      Spirit   .    a - +0 robe
rPois   .          Reflect  .    (no helmet)
rElec   .          Harm     .    (no cloak)
rCorr   .          Rampage  .    (no gloves)
Will    .....                    (no boots)
Stlth   ++                       (no amulet)
HPRegen 0.22/turn                (no ring)
MPRegen 0.08/turn                (no ring)

@: no status effects
A: no striking features
a: no special abilities


You were on level 1 of the Dungeon.
You visited 1 branch of the dungeon, and saw 1 of its levels.

Inventory:

Armour
 a - a +0 robe (worn)
Potions
 b - a potion of magic
 c - a potion of resistance {unknown}


   Skills:
 + Level 0.1 Fighting
 + Level 2.0 Dodging
 + Level 2.0 Stealth
 + Level 2.0 Spellcasting
 + Level 4.0 Necromancy


You had 3 spell levels left.
You knew the following spells:

 Your Spells              Type           Power      Damage    Failure   Level
a - Necrotise             Necr           52%        1d6       4%          1

Your spell library contained the following spells:

 Spells                   Type           Power      Damage    Failure   Level
 Vampiric Draining        Necr           13%        2d6       13%         3
 Shock                    Conj/Air       4%         1d3       22%         1
 Swiftness                Air            1%         N/A       54%         3
 Animate Dead             Necr           13%        N/A       38%         4
 Agony                    Necr           13%        N/A       75%         5
 Airstrike                Air            0%         2d(1-17)  91%         4


Dungeon Overview and Level Annotations

Branches:
Dungeon (1/15)

Altars:


Message History

Welcome, Juicyj the Human Necromancer.
It is said that the Orb of Zot exists deep within this dungeon.
Press ? for a list of commands and other information.
Found a staircase leading out of the dungeon.
You pick up a book of Air and begin reading...
You add the spells Shock, Swiftness and Airstrike to your library.
You open the door.
There is an open door here.
c - a purple potion A kobold comes into view.
It is wielding a +0 short sword.
Found a stone staircase leading down.
The kobold shouts!
The kobold writhes in agony.
You kill the kobold!
The dead are walking!
Magic restored.
Found an escape hatch in the floor.
An endoplasm comes into view.
You can't see any susceptible monsters within range! (Use Z to cast anyway.)
The endoplasm quivers.
The endoplasm barely resists.
A kobold comes into view. It is wielding a +0 short sword.
Found a robe.
The kobold writhes in agony.
You kill the kobold!
The dead are walking!
The endoplasm writhes in agony.
The endoplasm misses you.
You are out of magic!
Are you sure you want to abandon this character and quit the game? (Confirm with "yes".)

##.####.#.#.######
......#.#........#.###.
#####.#.#.#............
#...#.#.#.#.##.###.#...
#...#.#.#.#..#.###.....
#.<...#.'.#..........#
#...#.#.#.#..#.#..###
#...#.#.#.#.>...Z.#####.
#####.#.#.#.....@Z.....[
......#.#.#....##J.####.
##.####.#...##.# >.#
........#.#. ... ....
#########.#.##.##..##. .
#.# ..# # #. ..# ..#


You could see an endoplasm (ally target) and 2 friendly kobold skeletons.

Vanquished Creatures
  2 kobolds (D:1)
2 creatures vanquished.

Notes
Turn   | Place    | Note
-------+----------+-------------------------------------------
     0 | D:1      | Juicyj the Human Necromancer began the quest for the Orb.
     0 | D:1      | Reached XP level 1. HP: 13/13 MP: 3/3
    70 | D:1      | Quit the game

Illustrated notes

Levels and vault maps discovered:
D:1:      matt_arrival_refuge, layout_basic

Action                     || total
---------------------------++-------
   Cast: Necrotise         ||     4
  Dodge: Dodged            ||     1

Table legend: (Time is in decaauts)
 A = Elapsed time spent in this place.
 B = Non-inter-level travel time spent in this place.
 C = Inter-level travel time spent in this place.
 D = Time resting spent in this place.
 E = Time spent auto-exploring this place.
 F = Levels seen in this place.
 G = Mean time per level.
                   A        B        C        D        E       F      G
               +--------+--------+--------+--------+--------+-----+--------+
         Total |     70 |     70 |      0 |      0 |     59 |   1 |   70.0 |
       Dungeon |     70 |     70 |      0 |      0 |     59 |   1 |   70.0 |
               +--------+--------+--------+--------+--------+-----+--------+

Top non-repeatable levels by time:
     D:1: 70 daAuts
